 Dungeon Crawl Stone Soup version 0.21-a0-267-ga5fc350 (webtiles) character file.

107 Chiseanne the Skirmisher (level 4, -2/38 HPs)
             Began as a Demonspawn Wanderer on Sept 13, 2017.
             Slain by an orc
             ... wielding a +0 club
              (5 damage)
             ... on level 3 of the Dungeon.
             The game lasted 00:04:22 (2001 turns).

Chiseanne the Skirmisher (Demonspawn Wanderer)      Turns: 2001, Time: 00:04:22

Health: -2/38      AC:  8    Str: 12    XL:     4   Next: 56%
Magic:  4/4        EV:  8    Int: 15    God:
Gold:   74         SH:  2    Dex: 12    Spells: 3/3 levels left

rFire    . . .     SeeInvis .   a - +3 short sword (venom)
rCold    . . .     Gourm    .   (no shield)
rNeg     . . .     Faith    .   e - +2 scale mail
rPois    .         Spirit   .   (helmet restricted)
rElec    .         Reflect  +   (no cloak)
rCorr    .         Harm     .   (no gloves)
MR       .....                  (no boots)
Stlth    ..........             r - +2 amulet of reflection
HPRegen  0.12/turn              (no ring)
MPRegen  0.09/turn              (no ring)

@: no status effects
A: claws 1, horns 1
a: no special abilities


You were on level 3 of the Dungeon.
You were hungry.

You visited 1 branch of the dungeon, and saw 3 of its levels.

You collected 74 gold pieces.

Inventory:

Hand Weapons
 a - a +3 short sword of venom (weapon)
 w - a +0 hand crossbow
Missiles
 c - 82 stones (quivered)
 d - 23 bolts
 h - 46 arrows
Armour
 e - a +2 scale mail (worn)
Jewellery
 r - a +2 amulet of reflection (around neck)
Wands
 i - a wand of flame (25/48)
Scrolls
 m - a scroll of remove curse
 o - a scroll of amnesia
 s - a scroll of identify
 t - a scroll of noise {unknown}
Potions
 b - a potion of lignification
 k - 2 potions of ambrosia
 n - 3 potions of haste {unknown}
 p - a potion of cancellation {unknown}
 q - a potion of heal wounds
Comestibles
 f - a bread ration
 j - a royal jelly
 l - a meat ration


   Skills:
 * Level 4.8 Fighting
 * Level 2.4 Crossbows
 - Level 1.0 Throwing
 * Level 3.4 Armour
 - Level 1.0 Evocations


You had 3 spell levels left.
You didn't know any spells.

Dungeon Overview and Level Annotations

Branches:
Dungeon (3/15)

Altars:
Ashenzari
Xom


Innate Abilities, Weirdness & Mutations

You have sharp fingernails.
You have a pair of small horns on your head.


Message History

You kill the orc!
The orc hits you with a club.
* * * LOW HITPOINT WARNING * * *
You hit the orc.
The orc is heavily wounded.
The orc hits you with a club.
* * * LOW HITPOINT WARNING * * *
You barely miss the orc. Your headbutt misses the orc.
The orc is heavily wounded.
The orc barely misses you.
You hit the orc but do no damage.
The orc is heavily wounded.
The orc hits you but does no damage.
You barely miss the orc.
The orc is heavily wounded.
The orc hits you but does no damage.
You hit the orc.
The orc is poisoned.
The orc is severely wounded.
The orc hits you with a club.
You die...

##### #...# #####
#...######...# # ####
#...##.......# ...#...
#...##.......#
......)##...##.......###
......)@(...(...........
......o###########...###
...#### ##### # . #


You could see an orc.

Vanquished Creatures
  2 adders (D:2)
  An ooze (D:1)
  2 worms
  A dart slug (D:3)
  3 orcs (D:3)
  11 bats
  A giant cockroach (D:2)
  11 hobgoblins
  8 jackals (D:1)
  8 kobolds
  2 quokkas
  4 ball pythons
  2 frilled lizards
  8 goblins
  3 rats
67 creatures vanquished.

Notes
Turn   | Place    | Note
-------+----------+-------------------------------------------
     0 | D:1      | Chiseanne the Demonspawn Wanderer began the quest for the Orb.
     0 | D:1      | Chiseanne set off with: a +2 scale mail, a potion of lignification, a +0 hand crossbow, 24 bolts, a bread ration
     0 | D:1      | Reached XP level 1. HP: 19/19 MP: 1/1
    65 | D:1      | Gained mutation: You have a pair of small horns on your head. [demonic ancestry]
    65 | D:1      | Reached XP level 2. HP: 25/25 MP: 2/2
   432 | D:1      | Reached XP level 3. HP: 28/30 MP: 3/3
  1500 | D:2      | Gained mutation: You have sharp fingernails. [demonic ancestry]
  1500 | D:2      | Reached XP level 4. HP: 36/38 MP: 4/4
  1516 | D:2      | Found a shattered altar of Ashenzari.
  1626 | D:2      | Found a shimmering altar of Xom.
  2001 | D:3      | Slain by an orc

Vault maps used:
D:1:      sevenhm_arrival_forest_fort_small_6
D:2:      ashenzari_altar_1, lemuel_round_altar

Skill      XL: |  1  2  3 |
---------------+----------+-----
Armour         | 3 |  3.4
Crossbows      | 2 |  2.4
Fighting       | |  4.8
Throwing       | |  1.0
Evocations     | |  1.0

Action                   |  1- 3 |  4- 6 || total
-------------------------+-------+-------++-------
Melee: Whip              |    30 |       ||    30
       Dagger            |    31 |       ||    31
       Headbutt          |    11 |     4 ||    15
       Short sword       |    29 |    54 ||    83
 Fire: Hand crossbow     |    20 |       ||    20
  Use: Scroll            |     4 |     1 ||     5
       Potion            |     1 |       ||     1
  Eat: Chunk             |     2 |     1 ||     3
Armor: Scale mail        |    54 |    32 ||    86
Dodge: Dodged            |    53 |    28 ||    81
Block: Other             |       |     3 ||     3

Table legend:
 A = Spawn XP
 B = Non-spawn XP
 C = Spawn XP percentage of total XP
 D = Spawn monster count
 E = Non-spawn monster count
 F = Spawn count percentage of total count
 G = Total turns spent on level
                    A         B        C        D         E        F      G
               +---------+---------+-------+---------+---------+-------+---------
         Total |       0 |     153 |   0.0 |       0 |      67 |   0.0 |  2001
               +---------+---------+-------+---------+---------+-------+---------
           D:1 |       0 |      61 |   0.0 |       0 |      32 |   0.0 |  1254
           D:2 |       0 |      59 |   0.0 |       0 |      22 |   0.0 |   414
           D:3 |       0 |      33 |   0.0 |       0 |      13 |   0.0 |   333
               +---------+---------+-------+---------+---------+-------+---------
